 Dungeon Crawl Stone Soup version 0.21.1-1-g345015f (webtiles) character file.

340 copyoflegos the Skirmisher (level 6, -5/40 HPs)
             Began as a Gargoyle Monk on May 23, 2018.
             Was a Priest of Elyvilon.
             Killed from afar by a crimson imp (14 damage)
             ... with a wand of acid (9)
             ... on level 5 of the Dungeon.
             The game lasted 00:40:30 (3131 turns).

copyoflegos the Skirmisher (Gargoyle Monk)          Turns: 3131, Time: 00:40:30

Health: -5/40      AC: 13    Str: 15    XL:     6   Next: 56%
Magic:  16/16      EV: 12    Int: 12    God:    Elyvilon [***...]
Gold:   180        SH:  0    Dex: 12    Spells: 5/5 levels left

rFire    . . .     SeeInvis .   a - +0 mace
rCold    . . .     Gourm    .   (no shield)
rNeg     + . .     Faith    .   k - +0 ring mail (curse)
rPois    ∞         Spirit   .   u - +0 helmet
rElec    +         Reflect  .   (no cloak)
rCorr    .         Harm     .   j - +1 pair of gloves
MR       .....                  (no boots)
Stlth    +.........             (no amulet)
HPRegen  0.13/turn              p - ring of magical power
MPRegen  0.15/turn              (no ring)

@: no status effects
A: negative energy resistance 1, electricity resistance, unbreathing,
petrification resistance, rot immunity, AC +4
a: Lesser Healing, Heal Other, Purification, Divine Protection, Renounce
Religion


You were on level 5 of the Dungeon.
You worshipped Elyvilon.
Elyvilon was most pleased with you.
You were not hungry.

You visited 1 branch of the dungeon, and saw 5 of its levels.

You collected 180 gold pieces.

Inventory:

Hand Weapons
 a - a +0 mace (weapon)
 n - a +0 club
 t - a +0 mace of draining
Missiles
 d - 108 arrows
 e - 143 stones (quivered)
 s - 4 javelins of penetration
Armour
 b - a +0 robe
 j - a +1 pair of gloves (worn)
 k - a cursed +0 ring mail (worn)
 m - a +0 leather armour
 q - a +0 helmet
 u - a +0 helmet (worn)
Jewellery
 p - a ring of magical power (left hand)
Wands
 o - a wand of iceblast (9)
 v - a wand of digging (16)
Scrolls
 h - a scroll of remove curse
 r - a scroll of teleportation
 w - a scroll of magic mapping {unknown}
 x - a scroll of enchant armour
Potions
 f - 2 potions of flight
 g - a potion of haste
 i - a potion of lignification
 l - a potion of heal wounds
 z - a potion of curing
Comestibles
 c - 2 rations


   Skills:
 + Level 4.8 Fighting
 + Level 4.6 Maces & Flails
 + Level 2.5 Armour
 + Level 3.2 Dodging
 + Level 2.4 Stealth
 + Level 1.6 Invocations


You had 5 spell levels left.
You didn't know any spells.

Dungeon Overview and Level Annotations

Branches:
Dungeon (5/15)
 Temple: D:4-7

Altars:
Elyvilon
Vehumet

Annotations:
D:1 1 exclusion
D:4 dedward's ghost, amateur GnMo


Innate Abilities, Weirdness & Mutations

You are resistant to torment.
Your stone body is resilient. (AC +4)
You are immune to poison.
You resist negative energy. (rN+)
You are resistant to electric shocks. (rElec)
You can survive without breathing.
You are immune to petrification.
You are immune to rotting.


Message History

The orc is heavily wounded.
The orc hits you but does no damage. The orc misses you.
You barely miss the orc.
The orc is heavily wounded.
The orc closely misses you.
You hit the orc.
You kill the orc!
You hit the crimson imp but do no damage.
The crimson imp zaps a wand.
The bolt of acid hits you!
You are splashed with acid!
The acid burns!
It is a wand of acid (9).
Your ring mail prevents you from hitting the crimson imp.
The orc hits the crimson imp but does no damage.
The orc hits you but does no damage.
The crimson imp hits you with a short sword.
* * * LOW HITPOINT WARNING * * *
The orc barely misses the crimson imp.
The crimson imp blinks!
You hit the crimson imp.
The crimson imp is moderately wounded.
The crimson imp zaps a wand.
The bolt of acid hits you!
You die...

#..§ #...
#..### .(o†#
#.#.# ##.#.#
#..).#
##.#.#.######.
##.##.#@5......
#.....###.####.
##<#####.##
#.)###.#
#.#.#.# #.
#.##.#####....
#.#.........#
#.>....####.
###.##.#


You could see a crimson imp and a neutral orc (wandering).

Vanquished Creatures
  A phantom (D:4)
  A crimson imp (D:5)
  3 worker ants
  7 adders
  3 worms
  3 dart slugs
  An orc (D:5)
  6 bats
  2 giant cockroaches
  6 goblins
  7 hobgoblins
  10 jackals
  3 quokkas
  5 frilled lizards
  4 kobolds
  A leopard gecko skeleton (D:5)
  7 rats
70 creatures vanquished.

Vanquished Creatures (others)
  2 jackals (D:3)
  A quokka (D:5)
  A bat (D:3)
4 creatures vanquished.

Grand Total: 74 creatures vanquished

Notes
Turn   | Place    | Note
-------+----------+-------------------------------------------
     0 | D:1      | copyoflegos the Gargoyle Monk began the quest for the Orb.
     0 | D:1      | Reached XP level 1. HP: 14/14 MP: 1/1
   196 | D:1      | Reached XP level 2. HP: 16/19 MP: 2/2
   525 | D:1      | duh
   884 | D:2      | Reached XP level 3. HP: 11/24 MP: 3/3
  1096 | D:2      | Found a white marble altar of Elyvilon.
  1131 | D:2      | Became a worshipper of Elyvilon the Healer
  1131 | D:2      | Reached * piety under Elyvilon
  1131 | D:2      | Reached ** piety under Elyvilon
  1333 | D:2      | Found a radiant altar of Vehumet.
  1530 | D:3      | Reached XP level 4. HP: 26/29 MP: 4/4
  2267 | D:4      | Noticed a phantom
  2276 | D:4      | Reached skill level 1 in Armour
  2307 | D:4      | Reached XP level 5. HP: 14/33 MP: 5/5
  2328 | D:4      | Killed a phantom
  2584 | D:4      | Reached skill level 1 in Invocations
  2584 | D:4      | Reached XP level 6. HP: 27/39 MP: 6/6
  2718 | D:4      | Reached *** piety under Elyvilon
  2775 | D:4      | Noticed a phantom
  2790 | D:4      | Noticed dedward's ghost (amateur GnMo)
  2848 | D:5      | Entered Level 5 of the Dungeon
  3131 | D:5      | Killed from afar by a crimson imp

Skill      XL: |  1  2  3  4  5  6 |
---------------+-------------------+-----
Dodging        | 3 |  3.2
Fighting       | 4 |  4.8
Armour         | 1 2 |  2.5
Maces & Flails | 4 |  4.6
Invocations    | 1 |  1.6
Stealth        | |  2.4

Action                   |  1- 3 |  4- 6 || total
-------------------------+-------+-------++-------
Melee: Mace              |   146 |   244 ||   390
Invok: Heal Other        |     2 |     9 ||    11
       Lesser Healing    |     2 |     3 ||     5
       Divine Protection |       |     1 ||     1
  Use: Scroll            |     4 |    10 ||    14
       Potion            |       |     1 ||     1
 Stab: Sleeping          |     1 |       ||     1
  Eat: Ration            |     3 |     1 ||     4
Armor: Robe              |    15 |       ||    15
       Ring mail         |    89 |   144 ||   233
Dodge: Dodged            |   140 |   153 ||   293
